 Dungeon Crawl Stone Soup version 0.27-a0-1532-gca18f49f40 (webtiles) character file.

Game seed: 15657008837170431038

354 nyamberluvr69 the Ducker (level 6, -5/63 HPs)
             Began as an Octopode Berserker on July 12, 2021.
             Was a Believer of Trog.
             Slain by a lemure (7 damage)
             ... led by Pikel
             ... on level 3 of the Dungeon.
             The game lasted 00:04:00 (3180 turns).

nyamberluvr69 the Ducker (Octopode Berserker)       Turns: 3180, Time: 00:04:00

Health: -5/63      AC:  1    Str: 16    XL:     6   Next: 62%
Magic:  6/6        EV: 16    Int:  9    God:    Trog [**....]
Gold:   85         SH:  0    Dex: 14    Spells: 5/5 levels left

rFire    . . .     SeeInvis .   a - +0 falchion
rCold    . . .     Faith    .   (no shield)
rNeg     . . .     Spirit   .   (helmet restricted)
rPois    .         Reflect  .   (no amulet)
rElec    .         Harm     .   (no ring)
rCorr    .         Rampage  .   (no ring)
Will     .....                  (no ring)
Stlth    ..........             (no ring)
HPRegen  0.20/turn              (no ring)
MPRegen  0.10/turn              (no ring)
                                (no ring)
                                (no ring)

@: berserking, very quick
A: almost no armour, amphibious, 8 rings, camouflage 1, gelatinous body 1,
(nimble swimmer 1), tentacles
a: Renounce Religion, Berserk, Trog's Hand


You were on level 3 of the Dungeon.
You worshipped Trog.
Trog was pleased with you.
You visited 1 branch of the dungeon, and saw 4 of its levels.

You collected 85 gold pieces.

Inventory:

Hand Weapons
 a - a +0 falchion (weapon)
Wands
 j - a wand of mindburst (11)
 l - a wand of digging (4)
Scrolls
 d - a scroll of blinking {unknown}
 e - a scroll of magic mapping {unknown}
 f - 2 scrolls of noise {unknown}
 g - 3 scrolls of identify {unknown}
 h - 2 scrolls of brand weapon {unknown}
 i - a scroll of torment {unknown}
Potions
 b - a potion of magic {unknown}
 c - a potion of lignification {unknown}
 k - a potion of flight {unknown}
 m - a potion of curing


   Skills:
 - Level 3.0 Fighting
 - Level 3.0 Long Blades
 + Level 7.2 Dodging


You had 5 spell levels left.
You didn't know any spells.
Your spell library was empty.

Dungeon Overview and Level Annotations

Branches:
Dungeon (4/15)
 Temple: D:4-7

Altars:
Yredelemnul

Shops:
D:1 [

Annotations:
D:3 1 runed translucent door, Crazy Yiuf, Natasha, Pikel


Innate Abilities, Weirdness & Mutations

You cannot wear most types of armour.
You are amphibious.
You can wear up to eight rings at the same time.
Your skin changes colour to match your surroundings (Stealth+).
Your rubbery body absorbs attacks. (AC +1, EV +1)
((You are camouflaged near water. (Stealth+)))
You have tentacles for arms and can constrict up to eight enemies at once.


Message History

The lemure shouts!
There is a stone staircase leading up here.
The hobgoblin closely misses you.
You riposte.
You slash the hobgoblin!
You kill the hobgoblin!
Trog accepts your kill.
You climb upwards.
Level annotation: 1 runed translucent door, Crazy Yiuf, Natasha
There is a stone staircase leading down here.
You start resting.
HP restored.
You climb downwards.
Level annotation: Pikel The lemure shouts!
The lemure barely misses you.
You riposte.
You barely miss the lemure. Your grab misses the lemure.
The lemure closely misses you.
Pikel hits you with a +0 whip of freezing.
Pikel freezes you. The lemure hits you. The lemure closely misses you.
You riposte.
You hit the lemure. Your grab misses the lemure.
The lemure is lightly wounded.
There is a stone staircase leading up here.
Pikel hits you with a +0 whip of freezing!
Pikel freezes you. The lemure hits you. The lemure misses you.
You riposte.
You hit the lemure. You grab the lemure. You squeeze the lemure.
The lemure is heavily wounded.
You lose your grip on the lemure.
You climb upwards.
Level annotation: 1 runed translucent door, Crazy Yiuf, Natasha
There is a stone staircase leading down here.
Okay, then.
A red film seems to cover your vision as you go berserk!
You feel yourself moving faster!
You feel mighty! Pikel closely misses you. The lemure hits you!
* * * LOW HITPOINT WARNING * * *
The lemure hits you.
* * * LOW HITPOINT WARNING * * *
You hit Pikel. Your grab misses Pikel.
Pikel is lightly wounded.
Pikel misses you. The lemure hits you!
* * * LOW HITPOINT WARNING * * *
The lemure hits you!
You die...

#...........<#
#.....รท......#
#....).......#
##..........##
####...##...##
#######
#....#.######
#.....###.###..#
#.###..#..###K##
#
##'####...###5@#
###^..####.##
#5##
##^^.^.##..#
##.#
###^.^###.##
#..# ##.^_^.####
#.## ########
#.# # #####
#.##### #
#...### #.....#
###...## #.###.#


You could see Pikel and 2 lemures.

Vanquished Creatures
  Grinder (D:3)
  Natasha (D:3)
  An orc wizard (D:3)
  3 gnolls (D:3)
  A dart slug (D:2)
  4 orcs (D:3)
  4 ball pythons
  8 endoplasms
  3 giant cockroaches
  A goblin (D:1)
  14 hobgoblins
  3 quokkas
  3 bats
  4 frilled lizards
  10 kobolds
  6 rats
  A spectral orc (D:3)
68 creatures vanquished.

Notes
Turn   | Place    | Note
-------+----------+-------------------------------------------
     0 | D:1      | nyamberluvr69 the Octopode Berserker began the quest for
                  | the Orb.
     0 | D:1      | Reached XP level 1. HP: 16/16 MP: 1/1
   296 | D:1      | Reached XP level 2. HP: 21/21 MP: 2/2
   661 | D:1      | Reached skill level 4 in Dodging
   875 | D:1      | Reached XP level 3. HP: 26/26 MP: 3/3
   963 | D:1      | Found a faded altar of an unknown god.
  1211 | D:1      | Reached ** piety under Trog
  1290 | D:1      | Found Fodiggog's Armour Shoppe.
  2192 | D:3      | Noticed Natasha
  2199 | D:3      | Reached XP level 4. HP: 31/31 MP: 4/4
  2206 | D:3      | Killed Natasha
  2207 | D:3      | Reached skill level 5 in Dodging
  2494 | D:3      | Reached XP level 5. HP: 36/36 MP: 5/5
  2691 | D:3      | Noticed Grinder
  2700 | D:3      | Killed Grinder
  2701 | D:3      | Reached skill level 7 in Dodging
  2701 | D:3      | Reached XP level 6. HP: 42/42 MP: 6/6
  2809 | D:3      | Found a basalt altar of Yredelemnul.
  3015 | D:3      | Found a runed translucent door.
  3015 | D:3      | Noticed Natasha
  3016 | D:3      | Noticed Crazy Yiuf
  3115 | D:4      | Noticed Pikel
  3180 | D:3      | HP: 2/63 [lemure[Pikel] (9)]
  3180 | D:3      | Slain by a lemure

Illustrated notes

Levels and vault maps discovered:
D:1:      matt_arrival_refuge, layout_loops_corners,
          dreamdust_ecumenical_altar_angels_and_demons, serial_shops,
          nicolae_lakefront_shop
D:2:      layout_basic, grunt_ministairs_10, st_stairs_11
D:3:      layout_rooms, yredelemnul_forgotten_temple_becter, uniq_grinder,
          uniq_crazy_yiuf_cottage, uniq_natasha
D:4:      layout_cave_pools, minmay_diced_spiral, uniq_pikel,
          uniq_blork_the_orc, uniq_robin

Skill      XL: |  1  2  3  4  5 |
---------------+----------------+-----
Dodging        | 4 5 7 |  7.2
Fighting       | |  3.0
Long Blades    | |  3.0

Action                   |  1- 3 |  4- 6 || total
-------------------------+-------+-------++-------
Melee: Falchion          |    84 |    42 ||   126
       Constrict         |    24 |     8 ||    32
       Tentacles         |    21 |    11 ||    32
Invok: Berserk           |       |     3 ||     3
       Trog's Hand       |       |     2 ||     2
 Stab: Sleeping          |    15 |     1 ||    16
Armor: Skin              |     6 |     2 ||     8
Dodge: Dodged            |    56 |    31 ||    87
       Rpst.: Falchion   |    15 |    11 ||    26

Table legend: (Time is in decaauts)
 A = Elapsed time spent in this place.
 B = Non-inter-level travel time spent in this place.
 C = Inter-level travel time spent in this place.
 D = Time resting spent in this place.
 E = Time spent auto-exploring this place.
 F = Levels seen in this place.
 G = Mean time per level.
                   A        B        C        D        E       F      G
               +--------+--------+--------+--------+--------+-----+--------+
         Total |   3216 |   3146 |     70 |    363 |   2327 |   4 |  804.0 |
       Dungeon |   3216 |   3146 |     70 |    363 |   2327 |   4 |  804.0 |
               +--------+--------+--------+--------+--------+-----+--------+

Top non-repeatable levels by time:
     D:1: 1413 daAuts
     D:3: 964 daAuts
     D:2: 789 daAuts
     D:4: 49 daAuts
